 Dungeon Crawl Stone Soup version 0.31.0-11-ge490571c62 (webtiles) character file.

Game seed: 3514463715947427635

592 qw the Skirmisher (level 7, 0/40 HPs)
             Began as a Deep Elf Hunter on Feb 3, 2024.
             Succumbed to an adder's poison
             ... on level 5 of the Dungeon.
             The game lasted 00:00:11 (2722 turns).

qw the Skirmisher (Deep Elf Hunter)                 Turns: 2722, Time: 00:00:11

Health: 0/40       AC:  7    Str: 10    XL:     7   Next: 16%
Magic:  9/9        EV: 12    Int: 14    God:
Gold:   159        SH:  0    Dex: 24    Spells: 6/6 levels left

rFire   . . .        a - +0 shortbow
rCold   . . .        (shield currently unavailable)
rNeg    . . .        b - +1 ring mail
rPois   .            (no helmet)
rElec   .            o - +0 cloak
rCorr   .            (no gloves)
SInv    +            (no boots)
Will    .....        (no amulet)
Stlth   ++           l - ring of see invisible
HPRegen 0.26/turn    j - +6 ring of dexterity
MPRegen 0.11/turn

%: no passive effects
@: lethally poisoned (0 -> -4)
A: no striking features
a: no special abilities


You were on level 5 of the Dungeon.
You visited 1 branch of the dungeon, and saw 5 of its levels.

You collected 159 gold pieces.


   Skills:
 - Level 2.0 Fighting
 - Level 10.7 Ranged Weapons
 - Level 1.1 Armour
 + Level 3.2 Dodging
 - Level 1.2 Stealth


You had 6 spell levels left.
You didn't know any spells.
Your spell library was empty.

Inventory:

Hand Weapons
 a - a +0 shortbow (weapon)
Armour
 b - a +1 ring mail (worn)
 o - a +0 cloak (worn)
Jewellery
 j - a +6 ring of dexterity (right hand)
 l - a ring of see invisible (left hand)
 Y - a ring of willpower
Wands
 c - a wand of iceblast (12)
 g - a wand of paralysis (4)
Potions
 e - a potion of cancellation
 k - a potion of curing
 p - a potion of haste {unknown}

Dungeon Overview and Level Annotations

Branches:
Dungeon (5/15)
 Temple: D:4-7

Altars:
Uskayaw


Message History

An adder comes into view.
Found 4 gold pieces and a ring mail.
The adder hisses angrily.
You shoot an arrow. The arrow hits the adder!
The adder is severely wounded.
2713 ||| READING scroll of teleportation.
As you read the scroll of teleportation, it crumbles to dust.
You feel strangely unstable. The adder bites you but does no damage.
You shoot an arrow.
The arrow hits the adder but does no damage.
The adder is severely wounded.
The adder closely misses you.
You shoot an arrow. The arrow hits the adder!
You kill the adder!
You start resting.
Your surroundings suddenly seem different.
An adder comes into view.
An orc comes into view. It is wielding a +0 club.
You shoot an arrow. The orc shouts!
The arrow hits the adder.
The adder hisses angrily.
The adder is lightly wounded.
You shoot an arrow.
The arrow hits the adder but does no damage.
The adder is lightly wounded.
The adder closely misses you. The adder barely misses you.
You shoot an arrow. The arrow completely misses the adder.
The arrow hits the orc but does no damage.
The adder bites you.
You are lethally poisoned!
The adder poisons you!
You shoot an arrow.
The arrow hits the adder but does no damage.
The adder is lightly wounded.
You feel sick. The adder barely misses you.
You shoot an arrow. The arrow closely misses the adder.
The orc blocks the arrow.
You die...

. .. ... ... ..
#.#.#####.#.###
.......@S.o....
###.#####.#.###
#


You could see an adder and an orc.

Vanquished Creatures
  Sigmund (D:4)
  An ogre (D:4)
  A hound (D:4)
  A jelly (D:4)
  2 iguanas
  Natasha (thrice) (D:2)
  An orc wizard (D:5)
  4 gnolls (D:3)
  6 adders
  A ribbon worm (D:3)
  2 orcs
  3 ball pythons
  5 endoplasms
  2 giant cockroaches
  3 goblins
  3 hobgoblins
  7 kobolds
  A quokka (D:2)
  5 bats
  4 frilled lizards
  5 rats
61 creatures vanquished.

Notes
Turn   | Place    | Note
-------+----------+-------------------------------------------
     0 | D:1      | qw the Deep Elf Hunter began the quest for the Orb.
     0 | D:1      | Reached XP level 1. HP: 12/12 MP: 3/3
     0 | D:1      | 0 ||| qw: Version: 0.3-a-155-g5e7d8dd
     0 | D:1      | 0 ||| qw: Game counter: 3247
     0 | D:1      | 0 ||| qw: Melee chars always use a shield: true
     0 | D:1      | 0 ||| qw: God list: Okawaru
     0 | D:1      | 0 ||| qw: Allow faded altars: false
     0 | D:1      | 0 ||| qw: Do Orc after clearing Dungeon:15 true
     0 | D:1      | 0 ||| qw: Do second Lair branch before Depths: true
     0 | D:1      | 0 ||| qw: Lair rune preference: random
     0 | D:1      | 0 ||| qw: Goals: Normal
     0 | D:1      | 0 ||| PLANNING D:1-11
   253 | D:1      | Reached XP level 2. HP: 16/16 MP: 4/4
   258 | D:1      | Reached skill level 6 in Ranged Weapons
   501 | D:1      | 501 ||| READING 2 scrolls labelled POYGER XEYWO.
   501 | D:1      | 501 ||| IDENTIFYING amethyst potion
   502 | D:1      | 502 ||| READING scroll of identify.
   502 | D:1      | 502 ||| IDENTIFYING fuming yellow potion
   503 | D:1      | 503 ||| READING scroll labelled KAV ECHAJAOM.
   504 | D:1      | 504 ||| DROPPING scroll of butterflies.
   505 | D:1      | 505 ||| DROPPING potion of ambrosia.
   506 | D:1      | 506 ||| DROPPING potion of degeneration.
   538 | D:2      | 538 ||| STAIRDANCE
   762 | D:2      | Noticed Natasha
   769 | D:2      | HP: 3/16 [Natasha (7)]
   773 | D:2      | HP: 1/16 [cerulean imp/+0 spear[Natasha] (2)]
   774 | D:2      | Killed Natasha
   775 | D:2      | Reached skill level 7 in Ranged Weapons
   775 | D:2      | Reached XP level 3. HP: 1/20 MP: 5/5
   791 | D:2      | Noticed Natasha
   798 | D:2      | Killed Natasha
   799 | D:2      | Reached XP level 4. HP: 9/25 MP: 6/6
  1116 | D:2      | Noticed Natasha
  1123 | D:2      | Killed Natasha
  1193 | D:2      | 1193 ||| UPGRADING to +0 ring mail.
  1203 | D:2      | 1203 ||| DROPPING +0 leather armour.
  1204 | D:2      | 1204 ||| UPGRADING to ring of willpower.
  1205 | D:2      | 1205 ||| UPGRADING to +6 ring of dexterity.
  1206 | D:2      | 1206 ||| READING 2 scrolls of identify.
  1206 | D:2      | 1206 ||| IDENTIFYING fizzy clear potion
  1207 | D:2      | 1207 ||| READING scroll of identify.
  1207 | D:2      | 1207 ||| IDENTIFYING orange potion
  1208 | D:2      | 1208 ||| READING scroll labelled NOQAX BIRO.
  1209 | D:2      | 1209 ||| READING scroll labelled QUIPLA COIGU.
  1212 | D:2      | 1212 ||| READING scroll labelled JAEXKUILIWN.
  1262 | D:3      | Reached skill level 8 in Ranged Weapons
  1324 | D:3      | Reached skill level 3 in Dodging
  1327 | D:3      | Reached XP level 5. HP: 14/29 MP: 7/7
  1330 | D:3      | HP: 6/29 [gnoll/+0 flail (5)]
  1331 | D:3      | 1331 ||| DRINKING potion of heal wounds.
  1336 | D:3      | HP: 5/29 [gnoll/+0 flail (5)]
  1628 | D:3      | Found a hide-covered altar of Uskayaw.
  1888 | D:3      | 1888 ||| UPGRADING to ring of see invisible.
  1890 | D:3      | 1890 ||| READING scroll labelled FEUHAI GELICO.
  1891 | D:3      | 1891 ||| READING scroll labelled LAOFRA QISOORHEV.
  1945 | D:3      | 1945 ||| READING scroll labelled ITAB UWOSACS.
  1945 | D:3      | 1945 ||| ENCHANTING +0 ring mail.
  1958 | D:4      | Noticed an ogre
  1959 | D:4      | 1959 ||| ZAPPING wand of paralysis (9) at 7,-1 (ogre;
                  | floor).
  1961 | D:4      | 1961 ||| ZAPPING wand of paralysis (8) at 5,-1 (ogre;
                  | floor).
  1962 | D:4      | 1962 ||| ZAPPING wand of paralysis (7) at 4,-1 (ogre;
                  | floor).
  1964 | D:4      | 1964 ||| ZAPPING wand of paralysis (6) at 2,-1 (ogre;
                  | floor).
  1973 | D:4      | Killed an ogre
  1974 | D:4      | Reached skill level 9 in Ranged Weapons
  1974 | D:4      | Reached XP level 6. HP: 34/34 MP: 8/8
  2478 | D:4      | Noticed Sigmund
  2479 | D:4      | 2479 ||| ZAPPING wand of paralysis (5) at 7,3 (Sigmund;
                  | floor).
  2484 | D:4      | Killed Sigmund
  2485 | D:4      | Reached skill level 10 in Ranged Weapons
  2485 | D:4      | Reached XP level 7. HP: 40/40 MP: 9/9
  2566 | D:4      | 2566 ||| UPGRADING to +0 cloak.
  2571 | D:4      | 2571 ||| DROPPING amulet of magic regeneration.
  2572 | D:4      | 2572 ||| READING 2 scrolls of identify.
  2572 | D:4      | 2572 ||| IDENTIFYING sapphire potion
  2573 | D:4      | 2573 ||| READING scroll of identify.
  2573 | D:4      | 2573 ||| IDENTIFYING yellow potion
  2574 | D:4      | 2574 ||| DRINKING 2 fuming dark potions.
  2620 | D:4      | 2620 ||| DROPPING potion of lignification.
  2621 | D:4      | 2621 ||| DROPPING potion of brilliance.
  2650 | D:5      | Entered Level 5 of the Dungeon
  2705 | D:5      | Reached skill level 1 in Armour
  2706 | D:5      | HP: 8/40 [orc/+2 whip of pain (3)]
  2707 | D:5      | 2707 ||| READING 2 scrolls of teleportation.
  2708 | D:5      | 2708 ||| DRINKING potion of heal wounds.
  2710 | D:5      | HP: 3/40 [orc priest/+0 club (3)]
  2713 | D:5      | 2713 ||| READING scroll of teleportation.
  2720 | D:5      | HP: 2/40 [adder (3)]
  2722 | D:5      | Succumbed to an adder's poison

Levels and vault maps discovered:
D:1:      psy_arrival_spokes, layout_basic
D:2:      layout_rooms, ebering_dispersal_statue_hall, uniq_natasha
D:3:      layout_rooms, nicolae_uskayaw_suspiria, minmay_surrounded
D:4:      layout_rooms, serial_bayou, serial_bayou_pond_e, serial_bayou_shore_a,
          serial_bayou_shore_b, serial_bayou_crossing, uniq_sigmund
D:5:      layout_basic, nemelex_diamond_rough_becter, temple_pool_b

Skill      XL: |  1  2  3  4  5  6  7 |
---------------+----------------------+-----
Ranged Weapons | 7 8 9 10 | 10.7
Dodging        | 3 |  3.2
Fighting       | 2 |  2.0
Armour         | 1 |  1.1
Stealth        | |  1.2

Action                     |  1- 3 |  4- 6 |  7- 9 || total
---------------------------+-------+-------+-------++-------
   Fire: Shortbow          |    73 |   144 |    35 ||   252
  Evoke: Wand              |       |     5 |       ||     5
    Use: Scroll            |     3 |     8 |     4 ||    15
         Potion            |       |     1 |     2 ||     3
 Armour: Leather armour    |    13 |     3 |       ||    16
         Ring mail         |       |    38 |    17 ||    55
  Dodge: Dodged            |    12 |    44 |    11 ||    67

Table legend:
 A = Non-vault XP
 B = Vault XP
 C = Vault XP percentage of total XP
 D = Non-vault monster count
 E = Vault monster count
 F = Vault count percentage of total count
                 A         B        C        D         E       F
            +---------+---------+-------+---------+---------+-------
      Total |     580 |     267 |  31.5 |      56 |       5 |   8.2
            +---------+---------+-------+---------+---------+-------
        D:1 |      18 |       0 |   0.0 |      12 |       0 |   0.0
        D:2 |      86 |      35 |  28.9 |      12 |       1 |   7.7
        D:3 |     123 |       6 |   4.7 |      16 |       3 |  15.8
        D:4 |     265 |     226 |  46.0 |      12 |       1 |   7.7
        D:5 |      88 |       0 |   0.0 |       4 |       0 |   0.0
            +---------+---------+-------+---------+---------+-------
